 Dungeon Crawl Stone Soup version 0.30-a0-311-gf115ab0292 (webtiles) character file.

Game seed: 6565756966363048668

799 Lanoc the Sneak (level 8, -3/41 HPs)
             Began as a Kobold Enchanter on Oct 25, 2022.
             Slain by an iguana (9 damage)
             ... on level 4 of the Dungeon.
             The game lasted 00:08:30 (3218 turns).

Lanoc the Sneak (Kobold Enchanter)                  Turns: 3218, Time: 00:08:31

Health: -3/41      AC:  2    Str:  5    XL:     8   Next: 13%
Magic:  11/11      EV: 17    Int: 16    God:
Gold:   120        SH:  0    Dex: 18    Spells: 9/11 levels left

rFire   . . .      SeeInvis .    a - +2 dagger (vamp)
rCold   + + .      Faith    .    (no shield)
rNeg    . . .      Spirit   .    (no body armour)
rPois   .          Reflect  .    (no helmet)
rElec   .          Harm     .    (no cloak)
rCorr   .          Rampage  .    x - +1 pair of gloves
Will    .....                    (no boots)
Stlth   +++++.....               (no amulet)
HPRegen 0.26/turn                p - ring of protection from cold
MPRegen 0.12/turn                w - ring of protection from cold

@: brilliant, flying
A: small, no large weapons, nightstalker 3
a: no special abilities


You were on level 4 of the Dungeon.
You visited 1 branch of the dungeon, and saw 4 of its levels.

You collected 120 gold pieces.

Inventory:

Hand Weapons
 a - a +2 vampiric dagger (weapon)
 b - a +0 rapier of draining
 m - a +1 dagger of holy wrath
Missiles
 q - 6 poisoned darts (quivered)
Armour
 d - a +1 robe of cold resistance
 h - a +0 robe
 x - a +1 pair of gloves (worn)
Jewellery
 p - a ring of protection from cold (left hand)
 s - a ring of magical power
 w - a ring of protection from cold (right hand)
Wands
 l - a wand of flame (17)
Scrolls
 e - 2 scrolls of teleportation {unknown}
 f - a scroll of silence {unknown}
 g - a scroll of vulnerability {unknown}
 j - a scroll of enchant weapon {unknown}
 o - a scroll of summoning {unknown}
 r - a scroll of acquirement {unknown}
 t - a scroll of fog {unknown}
 u - a scroll of immolation {unknown}
Potions
 i - a potion of resistance {unknown}
 k - a potion of ambrosia {unknown}
 v - a potion of brilliance


   Skills:
 - Level 6.0 Short Blades
 + Level 5.6 Dodging
 * Level 7.6 Stealth
 - Level 2.1 Spellcasting
 + Level 4.7 Hexes


You had 9 spell levels left.
You knew the following spells:

 Your Spells              Type           Power      Damage    Failure   Level
a - Ensorcelled Hibernat  Hex/Ice        26%        N/A       12%         2

Your spell library contained the following spells:

 Spells                   Type           Power      Damage    Failure   Level
 Confusing Touch          Hex            25%        N/A       9%          3
 Tukima's Dance           Hex            25%        N/A       9%          3
 Sandblast                Erth           4%         2d4       21%         1
 Dazzling Flash           Conj/Hex       26%        N/A       24%         3
 Portal Projectile        Hex/Tloc       26%        N/A       24%         3
 Passwall                 Tmut/Erth      1%         N/A       30%         2
 Call Canine Familiar     Summ           2%         N/A       52%         3
 Stone Arrow              Conj/Erth      4%         3d7       52%         3
 Leda's Liquefaction      Hex/Erth       6%         N/A       61%         4


Dungeon Overview and Level Annotations

Branches:
Dungeon (4/15)
 Temple: D:4-7

Altars:
Elyvilon
Xom

Annotations:
D:3 Xtruder99's ghost, amateur GnTm


Innate Abilities, Weirdness & Mutations

You are small and have problems with some larger weapons.
You are completely attuned to the shadows.


Message History

The iguana attacks as you move away! The iguana misses you. Something hits you.
You feel less confused.
You hit the iguana.
You feel better.
The iguana is lightly wounded.
The iguana bites you! Something hits you.
You barely miss the iguana.
The iguana is lightly wounded.
The iguana closely misses you. Something hits you.
You hit the iguana but do no damage.
The iguana is lightly wounded.
You hit the iguana.
You feel better.
The iguana is moderately wounded.
The iguana bites you.
* * * LOW HITPOINT WARNING * * *
Something hits you.
* * * LOW HITPOINT WARNING * * *
You hit the iguana.
You feel better.
The iguana is moderately wounded.
The iguana barely misses you. Something hits you.
You barely miss the iguana.
The iguana is moderately wounded.
The iguana barely misses you.
You hear some strange, mumbled words.
A magic dart appears from out of thin air!
The magic dart hits you!
* * * LOW HITPOINT WARNING * * *
It was a potion of flight.
You feel very buoyant.
You fly up into the air.
The iguana completely misses you. Something hits you.
* * * LOW HITPOINT WARNING * * *
It was a potion of curing.
You feel better. The iguana closely misses you. Something barely misses you.
You feel better. The iguana bites you!
* * * LOW HITPOINT WARNING * * *
Something hits you.
* * * LOW HITPOINT WARNING * * *
It was a potion of brilliance.
You feel clever all of a sudden. The iguana bites you!
You die...

...## .... ..#
.. ####.###..
#.......##.
#........[ ..#
#.......# .. .
#.......# .#..
#.@l...)###....
#..{...)))))...
#.......###)#..
#####...## .#
###..# .#
##.#### ##...#
#....# #..#..#


You could see an iguana.

Vanquished Creatures
  Pikel (D:4)
  2 lemures (D:4)
  An orc priest (D:4)
  A water moccasin simulacrum (D:3)
  Jessica (D:2)
  Natasha (thrice) (D:2)
  5 adders
  3 gnolls (D:2)
  A hound simulacrum (D:3)
  2 worms
  2 dart slugs (D:1)
  12 orcs
  4 ball pythons
  A bat (D:2)
  5 endoplasms
  2 giant cockroaches
  4 hobgoblins
  2 jackals (D:3)
  3 quokkas
  A ball python simulacrum (D:3)
  3 frilled lizards
  7 goblins
  A jackal simulacrum (D:3)
  6 kobolds
  9 rats
82 creatures vanquished.

Notes
Turn   | Place    | Note
-------+----------+-------------------------------------------
     0 | D:1      | Lanoc the Kobold Enchanter began the quest for the Orb.
     0 | D:1      | Reached XP level 1. HP: 10/10 MP: 3/3
   151 | D:1      | Reached XP level 2. HP: 15/15 MP: 5/5
   826 | D:2      | Learned a level 2 spell: Ensorcelled Hibernation
   826 | D:2      | Noticed Natasha
   830 | D:2      | Killed Natasha
   831 | D:2      | Reached XP level 3. HP: 19/19 MP: 6/6
   842 | D:2      | Noticed Natasha
   856 | D:2      | Killed Natasha
   857 | D:2      | Reached XP level 4. HP: 20/24 MP: 7/7
   878 | D:2      | Noticed Natasha
   894 | D:2      | Killed Natasha
   936 | D:2      | Reached XP level 5. HP: 28/28 MP: 8/8
   977 | D:2      | Found a shimmering altar of Xom.
   977 | D:2      | Noticed Jessica
   988 | D:2      | Killed Jessica
   989 | D:2      | Reached skill level 5 in Stealth
  1621 | D:2      | Reached XP level 6. HP: 9/32 MP: 9/9
  2102 | D:3      | Found a runed translucent gate.
  2103 | D:3      | Found a runed translucent gate.
  2104 | D:3      | Found a runed translucent gate.
  2393 | D:3      | Found a white marble altar of Elyvilon.
  2971 | D:3      | Reached skill level 5 in Short Blades
  2974 | D:3      | Noticed Xtruder99's ghost (amateur GnTm)
  3106 | D:4      | Noticed Pikel
  3153 | D:4      | Killed Pikel
  3154 | D:4      | Reached skill level 5 in Dodging
  3154 | D:4      | Reached skill level 7 in Stealth
  3154 | D:4      | Reached XP level 7. HP: 31/36 MP: 10/10
  3154 | D:4      | Reached XP level 8. HP: 36/41 MP: 11/11
  3218 | D:4      | Slain by an iguana

Illustrated notes

Levels and vault maps discovered:
D:1:      ebering_trefoil_3fold, layout_loops_ring
D:2:      layout_basic, basic_altar, uniq_natasha, uniq_jessica
D:3:      layout_rooms, elyvilon_altar_5, gammafunk_ghost_icy
D:4:      layout_rooms, nicolae_hepliaklqana_monster_ancestors,
          minmay_fractal_squares_5, uniq_pikel, uniq_robin

Skill      XL: |  1  2  3  4  5  6 |
---------------+-------------------+-----
Short Blades   | 3 4 6 |  6.0
Dodging        | 3 5 |  5.6
Stealth        | 5 7 |  7.6
Hexes          | 4 |  4.7
Spellcasting   | |  2.1

Action                   |  1- 3 |  4- 6 |  7- 9 || total
-------------------------+-------+-------+-------++-------
Melee: Dagger            |    33 |   187 |    37 ||   257
       Punch             |     1 |     3 |       ||     4
  Use: Potion            |       |     3 |     4 ||     7
 Stab: Sleeping          |    13 |    19 |       ||    32
       Distracted        |       |     2 |       ||     2
       Invisible         |       |    14 |     1 ||    15
Armor: Robe              |       |    15 |       ||    15
       Skin              |       |       |     5 ||     5
Dodge: Dodged            |    10 |   112 |    23 ||   145

Table legend: (Time is in decaauts)
 A = Elapsed time spent in this place.
 B = Non-inter-level travel time spent in this place.
 C = Inter-level travel time spent in this place.
 D = Time resting spent in this place.
 E = Time spent auto-exploring this place.
 F = Levels seen in this place.
 G = Mean time per level.
                   A        B        C        D        E       F      G
               +--------+--------+--------+--------+--------+-----+--------+
         Total |   3167 |   3084 |     83 |     64 |   2428 |   4 |  791.8 |
       Dungeon |   3167 |   3084 |     83 |     64 |   2428 |   4 |  791.8 |
               +--------+--------+--------+--------+--------+-----+--------+

Top non-repeatable levels by time:
     D:2: 1306 daAuts
     D:3: 889 daAuts
     D:1: 770 daAuts
     D:4: 201 daAuts
